 Dungeon Crawl Stone Soup version 0.22.1-6-g1668fe2c40 (webtiles) character file.

97 Rediskos the Magician (level 4, -1/32 HPs)
             Began as a Gnoll Wizard on Jan 17, 2019.
             Slain by a sky beast (6 damage)
             ... on level 3 of the Dungeon.
             The game lasted 00:07:18 (2073 turns).

Rediskos the Magician (Gnoll Wizard)                Turns: 2073, Time: 00:07:19

Health: -1/32      AC:  3    Str:  9    XL:     4   Next: 68%
Magic:  3/13       EV: 14    Int: 21    God:
Gold:   25         SH:  0    Dex: 14    Spells: 6/17 levels left

rFire    . . .     SeeInvis .     - Unarmed
rCold    . . .     Gourm    .   (no shield)
rNeg     . . .     Faith    .   a - +0 robe
rPois    .         Spirit   .   b - +0 hat
rElec    .         Reflect  .   o - +0 cloak
rCorr    .         Harm     .   (no gloves)
MR       .....                  (no boots)
Stlth    +++.......             (no amulet)
HPRegen  0.10/turn              (no ring)
MPRegen  0.13/turn              (no ring)

@: no status effects
A: distributed training, fangs 1, strong nose
a: no special abilities


You were on level 3 of the Dungeon.
You were not hungry.

You visited 1 branch of the dungeon, and saw 3 of its levels.

You collected 115 gold pieces.
You spent 90 gold pieces at shops.

Inventory:

Armour
 a - a +0 robe (worn)
 b - a +0 hat (worn)
 o - a +0 cloak (worn)
Jewellery
 f - an uncursed ring of see invisible {unknown}
Scrolls
 e - a scroll of enchant armour {unknown}
 i - 2 scrolls of teleportation {unknown}
 j - a scroll of identify {unknown}
 k - 3 scrolls of remove curse {unknown}
 p - a scroll of random uselessness {unknown}
 q - a scroll of enchant weapon {unknown}
 r - a scroll of blinking {unknown}
Potions
 c - a potion of brilliance {unknown}
 g - 2 potions of curing
 h - 2 potions of haste {unknown}
 l - a potion of might {unknown}
 m - a potion of heal wounds {unknown}
 n - a potion of lignification {unknown}
Comestibles
 d - 2 rations
 s - 2 chunks of flesh


   Skills:
 + Level 1.2 Fighting
 + Level 1.2 Short Blades
 + Level 1.2 Long Blades
 + Level 1.2 Axes
 + Level 1.2 Maces & Flails
 + Level 1.2 Polearms
 + Level 1.2 Staves
 + Level 1.2 Slings
 + Level 1.2 Bows
 + Level 1.2 Crossbows
 + Level 1.2 Throwing
 + Level 1.2 Armour
 + Level 4.6 Dodging
 + Level 4.3 Stealth
 + Level 1.2 Shields
 + Level 1.2 Unarmed Combat
 + Level 7.2 Spellcasting
 + Level 2.2 Conjurations
 + Level 1.0 Hexes
 + Level 1.0 Charms
 + Level 2.2 Summonings
 + Level 1.0 Necromancy
 + Level 2.2 Translocations
 + Level 1.0 Transmutations
 + Level 1.0 Fire Magic
 + Level 1.0 Ice Magic
 + Level 1.0 Air Magic
 + Level 1.0 Earth Magic
 + Level 1.0 Poison Magic
 + Level 1.3 Invocations
 + Level 1.2 Evocations


You had 6 spell levels left.
You knew the following spells:

 Your Spells              Type           Power        Failure   Level  Hunger
a - Magic Dart            Conj           ###.         3%          1    None
b - Blink                 Tloc           N/A          4%          2    None
d - Conjure Flame         Conj/Fire      ##......     13%         3    None
q - Mephitic Cloud        Conj/Pois/Air  ##......     14%         3    None
s - Call Imp              Summ           ###.....     4%          2    None

Your spell library contained the following spells:

 Spells                   Type           Power        Failure   Level  Hunger
 Slow                     Hex            ##......     9%          2    None


Dungeon Overview and Level Annotations

Branches:
Dungeon (3/15)

Altars:
Elyvilon
Zin


Innate Abilities, Weirdness & Mutations

Your experience applies equally to all skills.
You have very sharp teeth.
Your uncanny sense of smell can sniff out nearby items.


Message History

Casting: Call Imp (safe; 4% risk of failure)
Confirm with . or Enter, or press ? or * to list all spells.
You don't know that spell.
Unknown command.
Your crimson imp blinks!
Casting: Call Imp (safe; 4% risk of failure)
Confirm with . or Enter, or press ? or * to list all spells.
Aiming: Conjure Flame (safe; 13% risk of failure)
Press: ? - help, Dir - move target cursor You see a ghostly outline there, and the spell fizzles.
Your white imp barely misses something.
Something hits you. Something shocks you.
* * * LOW HITPOINT WARNING * * *
Casting: Conjure Flame (safe; 13% risk of failure)
Confirm with . or Enter, or press ? or * to list all spells.
You blink.
Something hits you.
* * * LOW HITPOINT WARNING * * *
Something shocks you.
You die...

#### ..# #.#
#.# ##.##
######...###
#....@5<...#
#.####.5.#.#
##......
####.### .#
. ##


You could see a friendly crimson imp and a friendly white imp.

Vanquished Creatures
  2 adders (D:2)
  An ooze (D:1)
  A worm (D:2)
  2 dart slugs
  3 leopard geckos
  5 bats (D:1)
  5 goblins
  2 hobgoblins
  4 kobolds (D:2)
  A ball python (D:1)
  7 rats
33 creatures vanquished.

Vanquished Creatures (collateral kills)
  3 adders (D:2)
  3 worms (D:2)
  A dart slug (D:1)
  A goblin (D:1)
  11 jackals
19 creatures vanquished.

Grand Total: 52 creatures vanquished

Notes
Turn   | Place    | Note
-------+----------+-------------------------------------------
     0 | D:1      | Rediskos the Gnoll Wizard began the quest for the Orb.
     0 | D:1      | Reached XP level 1. HP: 13/13 MP: 8/8
   250 | D:1      | Reached XP level 2. HP: 19/19 MP: 8/10
   254 | D:1      | Learned a level 2 spell: Blink
   257 | D:1      | Learned a level 2 spell: Call Imp
   532 | D:1      | Reached XP level 3. HP: 25/25 MP: 6/11
   537 | D:1      | Learned a level 3 spell: Conjure Flame
   541 | D:1      | Learned a level 3 spell: Mephitic Cloud
   978 | D:2      | Reached skill level 1 in Invocations
  1223 | D:2      | Reached skill level 1 in Fighting
  1223 | D:2      | Reached skill level 1 in Short Blades
  1223 | D:2      | Reached skill level 1 in Long Blades
  1223 | D:2      | Reached skill level 1 in Axes
  1223 | D:2      | Reached skill level 1 in Maces & Flails
  1223 | D:2      | Reached skill level 1 in Polearms
  1223 | D:2      | Reached skill level 1 in Staves
  1223 | D:2      | Reached skill level 1 in Slings
  1223 | D:2      | Reached skill level 1 in Bows
  1223 | D:2      | Reached skill level 1 in Crossbows
  1223 | D:2      | Reached skill level 1 in Throwing
  1223 | D:2      | Reached skill level 1 in Armour
  1223 | D:2      | Reached skill level 1 in Shields
  1223 | D:2      | Reached skill level 1 in Unarmed Combat
  1223 | D:2      | Reached skill level 1 in Evocations
  1256 | D:2      | Found a white marble altar of Elyvilon.
  1287 | D:2      | Reached XP level 4. HP: 32/32 MP: 11/13
  1467 | D:2      | Found Zin's Purification Station.
  1506 | D:2      | Found a glowing silver altar of Zin.
  1509 | D:2      | Bought a potion of curing for 90 gold pieces
  1824 | D:2      | Reached skill level 1 in Hexes
  1824 | D:2      | Reached skill level 1 in Charms
  1824 | D:2      | Reached skill level 1 in Necromancy
  1824 | D:2      | Reached skill level 1 in Transmutations
  1824 | D:2      | Reached skill level 1 in Fire Magic
  1824 | D:2      | Reached skill level 1 in Ice Magic
  1824 | D:2      | Reached skill level 1 in Air Magic
  1824 | D:2      | Reached skill level 1 in Earth Magic
  1824 | D:2      | Reached skill level 1 in Poison Magic
  2059 | D:3      | Noticed a sky beast
  2073 | D:3      | Slain by a sky beast

Skill      XL: |  1  2  3  4 |
---------------+-------------+-----
Conjurations   | 2 |  2.2
Summonings     | 2 |  2.2
Translocations | 2 |  2.2
Invocations    | 1 |  1.3
Fighting       | 1 |  1.2
Short Blades   | 1 |  1.2
Long Blades    | 1 |  1.2
Axes           | 1 |  1.2
Maces & Flails | 1 |  1.2
Polearms       | 1 |  1.2
Staves         | 1 |  1.2
Slings         | 1 |  1.2
Bows           | 1 |  1.2
Crossbows      | 1 |  1.2
Throwing       | 1 |  1.2
Armour         | 1 |  1.2
Shields        | 1 |  1.2
Unarmed Combat | 1 |  1.2
Evocations     | 1 |  1.2
Hexes          | 1 |  1.0
Charms         | 1 |  1.0
Necromancy     | 1 |  1.0
Transmutations | 1 |  1.0
Fire Magic     | 1 |  1.0
Ice Magic      | 1 |  1.0
Air Magic      | 1 |  1.0
Earth Magic    | 1 |  1.0
Poison Magic   | 1 |  1.0
Dodging        | |  4.6
Stealth        | |  4.3
Spellcasting   | |  7.2

Action                   |  1- 3 |  4- 6 || total
-------------------------+-------+-------++-------
 Cast: Magic Dart        |    51 |    27 ||    78
       Call Imp          |     8 |     8 ||    16
       Conjure Flame     |       |     1 ||     1
       Blink             |       |     1 ||     1
  Eat: Chunk             |     1 |     2 ||     3
Armor: Robe              |     1 |     3 ||     4
Dodge: Dodged            |    17 |     2 ||    19
